 Dungeon Crawl Stone Soup version 0.27-a0-1136-g0b992a5a9d (webtiles) character file.

Game seed: 9058796102870035481

172 Moonsnow the Magician (level 5, -1/42 HPs)
             Began as a Demigod Ice Elementalist on May 5, 2021.
             Slain by a phantom (5 damage)
             ... on level 4 of the Dungeon.
             The game lasted 00:05:45 (3216 turns).

Moonsnow the Magician (Demigod Ice Elementalist)    Turns: 3216, Time: 00:05:46

Health: -1/42      AC:  3    Str:  9    XL:     5   Next: 5%
Magic:  14/14      EV: 12    Int: 21    God:
Gold:   116        SH:  0    Dex: 14    Spells: 11/12 levels left

rFire    . . .     SeeInvis .   d - +2 spear (venom)
rCold    . . .     Faith    .   (no shield)
rNeg     . . .     Spirit   .   a - +0 robe
rPois    .         Reflect  .   (no helmet)
rElec    .         Harm     .   k - +0 cloak
rCorr    .         Rampage  .   (no gloves)
Will     .....                  (no boots)
Stlth    ++........             (no amulet)
HPRegen  0.14/turn              (no ring)
MPRegen  0.14/turn              (no ring)

@: mighty
A: high mp 1, forlorn
a: no special abilities


You were on level 4 of the Dungeon.
You visited 1 branch of the dungeon, and saw 4 of its levels.

You collected 161 gold pieces.
You spent 45 gold pieces at shops.

Inventory:

Hand Weapons
 d - a +2 spear of venom (weapon)
Missiles
 g - 7 atropa-tipped darts
Armour
 a - a +0 robe (worn)
 k - a +0 cloak (worn)
Scrolls
 h - a scroll of enchant weapon
 j - a scroll of enchant armour {unknown}
 l - a scroll of amnesia {unknown}
 m - a scroll of teleportation {unknown}
Potions
 b - a potion of brilliance {unknown}
 e - a potion of degeneration {unknown}
 f - a potion of curing {unknown}
 i - 2 potions of cancellation {unknown}
 o - a potion of attraction {unknown}
 p - a potion of invisibility {unknown}
 M - a potion of might


   Skills:
 + Level 2.3 Fighting
 - Level 1.7 Dodging
 - Level 1.7 Stealth
 * Level 4.0 Spellcasting
 - Level 3.6 Ice Magic


You had 11 spell levels left.
You knew the following spells:

 Your Spells              Type           Power      Damage    Failure   Level
a - Freeze                Ice            76%        1d9       2%          1

Your spell library contained the following spells:

 Spells                   Type           Power      Damage    Failure   Level
 Frozen Ramparts          Ice            38%        1d5       9%          3
 Ozocubu's Armour         Ice            19%        N/A       9%          3
 Shock                    Conj/Air       16%        1d4       12%         1
 Static Discharge         Conj/Air       4%         N/A       19%         2
 Swiftness                Air            4%         N/A       34%         3
 Hailstorm                Conj/Ice       11%        3d5       50%         4
 Airstrike                Air            2%         N/A       75%         4
 Metabolic Englaciation   Hex/Ice        5%         N/A       85%         5
 Lightning Bolt           Conj/Air       2%         1d13      97%         5


Dungeon Overview and Level Annotations

Branches:
Dungeon (4/15)
 Temple: D:4-7

Shops:
D:3 [=[*


Innate Abilities, Weirdness & Mutations

Your attributes grow dramatically as you level up.
You have an increased reservoir of magic. (+10% MP)
You shall have no god before yourself.


Message History

There is a stone staircase leading up here.
The phantom hits you. The phantom hits you!
* * * LOW HITPOINT WARNING * * *
The phantom blinks!
You blink.
As you read the scroll labelled NAHI ESALECS, it crumbles to dust.
It is a scroll of identify.
h - a scroll of enchant weapon The phantom hits you.
* * * LOW HITPOINT WARNING * * *
It was a potion of might.
You feel very mighty all of a sudden.
M - a potion of might Reach: d) +2 spear (venom)
Press: ? - help, Dir - move target, f/p - phantom
Aim: a phantom (lightly damaged, about 46% to evade your +2 spear of venom)
You hit the phantom.
The phantom is moderately damaged.
The phantom hits you.
* * * LOW HITPOINT WARNING * * *
Reach: d) +2 spear (venom)
Press: ? - help, Dir - move target, f/p - phantom
Aim: a phantom (moderately damaged, about 46% to evade your +2 spear of venom)
You hit the phantom.
The phantom is heavily damaged.
Reach: d) +2 spear (venom)
Press: ? - help, Dir - move target, f/p - phantom
Aim: a phantom (heavily damaged, about 46% to evade your +2 spear of venom)
You puncture the phantom!
The phantom is severely damaged.
The phantom hits you!
* * * LOW HITPOINT WARNING * * *
The phantom blinks!
You blink.
Reach: d) +2 spear (venom)
Press: ? - help, Dir - move target, f/p - phantom
Aim: a phantom (severely damaged, about 46% to evade your +2 spear of venom)
You closely miss the phantom.
The phantom is severely damaged.
The phantom hits you.
You die...

#.........
........ .......
... ..... ...
.... ..# #.. ....
#.###... #@#...
###W#)#
###.....########
##..............#
#
#...#§<.######...
###..#.#.§.###
.(..........#
######..##......
...?...#.###


You could see a phantom.

Vanquished Creatures
  8 gnolls (D:3)
  An adder (D:2)
  A worm (D:2)
  2 dart slugs (D:3)
  4 ball pythons
  8 bats
  9 endoplasms
  3 giant cockroaches
  7 goblins
  4 hobgoblins
  11 jackals
  A quokka (D:3)
  4 frilled lizards
  6 kobolds
  4 rats
73 creatures vanquished.

Notes
Turn   | Place    | Note
-------+----------+-------------------------------------------
     0 | D:1      | Moonsnow the Demigod Ice Elementalist began the quest for
                  | the Orb.
     0 | D:1      | Reached XP level 1. HP: 14/14 MP: 5/5
    71 | D:1      | Reached skill level 2 in Spellcasting
   326 | D:1      | Reached XP level 2. HP: 16/22 MP: 1/7
   409 | D:1      | You fall into a shaft and drop 1 floor!
   480 | D:2      | Reached skill level 1 in Fighting
   638 | D:2      | Reached XP level 3. HP: 19/28 MP: 5/9
  1026 | D:2      | Reached skill level 3 in Spellcasting
  1737 | D:3      | Found Gauwkiepp's Armour Emporium.
  1873 | D:3      | Reached XP level 4. HP: 27/36 MP: 8/11
  1894 | D:3      | HP: 1/36 [gnoll/+0 whip (3)]
  2228 | D:3      | Found Qar Leifi's Jewellery Shoppe.
  2557 | D:3      | Found Cuushrun's General Store.
  2582 | D:3      | Found Emot's Armour Shop.
  2590 | D:3      | Bought a +0 cloak for 45 gold pieces
  2988 | D:3      | Reached XP level 5. HP: 41/41 MP: 14/14
  3017 | D:3      | Reached skill level 4 in Spellcasting
  3216 | D:4      | Slain by a phantom

Illustrated notes

Levels and vault maps discovered:
D:1:      dpeg_arrival_tiny_a, layout_rooms, chequers_serial_rivers_small_3,
          minmay_tree_intersection
D:2:      layout_loops_ring
D:3:      layout_loops_cross, hellmonk_ecumenical_altar_inner_sanctum,
          serial_aquarium, aquarium_bridge_square [aquarium_subvault_wall,
          aquarium_subvault_window, aquarium_subvault_window,
          aquarium_subvault_bridge], aquarium_window_1, aquarium_window_fake,
          aquarium_window_2, aquarium_view_2b, aquarium_view_2c,
          aquarium_balcony_3b, serial_shops, nicolae_shop_crystal, shop,
          nicolae_shop_trees, nicolae_shop_behind_doors
D:4:      layout_rooms, grunt_ministairs_15, uniq_edmund

Skill      XL: |  1  2  3  4  5 |
---------------+----------------+-----
Spellcasting   | 2 3 4 |  4.0
Fighting       | 1 2 |  2.3
Dodging        | |  1.7
Stealth        | |  1.7
Ice Magic      | |  3.6

Action                   |  1- 3 |  4- 6 || total
-------------------------+-------+-------++-------
Melee: Unarmed           |     3 |       ||     3
       Spear             |    61 |    49 ||   110
 Cast: Freeze            |    34 |    12 ||    46
  Use: Scroll            |       |     1 ||     1
       Potion            |       |     1 ||     1
 Stab: Sleeping          |     4 |     3 ||     7
       Distracted        |       |     1 ||     1
Armor: Robe              |     9 |     6 ||    15
Dodge: Dodged            |    50 |    19 ||    69

Table legend: (Time is in decaauts)
 A = Elapsed time spent in this place.
 B = Non-inter-level travel time spent in this place.
 C = Inter-level travel time spent in this place.
 D = Time resting spent in this place.
 E = Time spent auto-exploring this place.
 F = Levels seen in this place.
 G = Mean time per level.
                   A        B        C        D        E       F      G
               +--------+--------+--------+--------+--------+-----+--------+
         Total |   3230 |   3169 |     61 |      0 |   2694 |   4 |  807.5 |
       Dungeon |   3230 |   3169 |     61 |      0 |   2694 |   4 |  807.5 |
               +--------+--------+--------+--------+--------+-----+--------+

Top non-repeatable levels by time:
     D:3: 1454 daAuts
     D:2: 933 daAuts
     D:1: 813 daAuts
     D:4: 29 daAuts
